 Dungeon Crawl Stone Soup version 0.26-a0-466-g989023bd0d (webtiles) character file.

Game seed: 11243913153231705703

5623 Lanoc the Frost Mage (level 10, -2/74 HPs)
             Began as a Gnoll Ice Elementalist on Aug 8, 2020.
             Was an Elder of Sif Muna.
             Slain by Harold
             ... wielding a +0 scimitar
              (19 damage)
             ... on level 8 of the Dungeon.
             The game lasted 00:16:04 (9152 turns).

Lanoc the Frost Mage (Gnoll Ice Elementalist)       Turns: 9152, Time: 00:16:05

Health: -2/74      AC:  2    Str: 10    XL:     10   Next: 73%
Magic:  19/21      EV: 17    Int: 27    God:    Sif Muna [****..]
Gold:   548        SH:  0    Dex: 16    Spells: 10/24 levels left

rFire    . . .     SeeInvis .   x - +2 spear (venom)
rCold    . . .     Faith    .   (no shield)
rNeg     . . .     Spirit   .   a - +0 robe
rPois    .         Reflect  .   (no helmet)
rElec    .         Harm     .   (no cloak)
rCorr    +                      (no gloves)
MR       .....                  (no boots)
Stlth    ++++......             n - amulet of magic regeneration
HPRegen  0.22/turn              m - +6 ring of intelligence
MPRegen  0.42/turn              w - ring of resist corrosion

@: lethally poisoned (-2 -> -3), frozen ramparts
A: distributed training, fangs 1, strong nose
a: Channel Magic, Forget Spell, Divine Exegesis, Renounce Religion


You were on level 8 of the Dungeon.
You worshipped Sif Muna.
Sif Muna was greatly pleased with you.
You visited 2 branches of the dungeon, and saw 9 of its levels.
You also visited: Sewer and Ossuary.

You collected 548 gold pieces.

Inventory:

Hand Weapons
 x - a +2 spear of venom (weapon)
Armour
 a - a +0 robe (worn)
 C - +0 swamp dragon scales
Jewellery
 m - a +6 ring of intelligence (left hand)
 n - an amulet of magic regeneration (around neck)
 w - a ring of resist corrosion (right hand)
 A - an uncursed ring of protection from cold
Wands
 t - a wand of paralysis (8)
 y - a wand of flame (10)
 D - a wand of iceblast (6)
Scrolls
 b - 3 scrolls of amnesia
 e - 8 scrolls of identify {unknown}
 g - 6 scrolls of blinking {unknown}
 k - 2 scrolls of remove curse {unknown}
 q - 5 scrolls of teleportation {unknown}
 u - 2 scrolls of fear
 z - 2 scrolls of fog {unknown}
Potions
 c - 2 potions of lignification
 d - 3 potions of invisibility {unknown}
 f - a potion of heal wounds
 h - 5 potions of haste
 i - 2 potions of degeneration {unknown}
 j - 4 potions of magic {unknown}
 l - 4 potions of curing
 o - 2 potions of ambrosia {unknown}
 p - 3 potions of flight {unknown}
 r - 4 potions of brilliance {unknown}
 s - 2 potions of cancellation {unknown}
 v - a potion of might {unknown}
 B - a potion of berserk rage {unknown}


   Skills:
 + Level 5.5 Fighting
 + Level 5.5 Short Blades
 + Level 5.5 Long Blades
 + Level 5.5 Axes
 + Level 5.5 Maces & Flails
 + Level 5.5 Polearms
 + Level 5.5 Staves
 + Level 5.5 Slings
 + Level 5.5 Bows
 + Level 5.5 Crossbows
 + Level 5.5 Throwing
 + Level 5.5 Armour
 + Level 7.3 Dodging
 + Level 7.0 Stealth
 + Level 5.5 Shields
 + Level 5.5 Unarmed Combat
 + Level 7.5 Spellcasting
 + Level 4.6 Conjurations
 + Level 4.6 Hexes
 + Level 4.6 Summonings
 + Level 4.6 Necromancy
 + Level 4.6 Translocations
 + Level 4.6 Transmutations
 + Level 4.6 Fire Magic
 + Level 8.5 Ice Magic
 + Level 4.6 Air Magic
 + Level 4.6 Earth Magic
 + Level 4.6 Poison Magic
 + Level 6.1 Invocations
 + Level 5.5 Evocations


You had 10 spell levels left.
You knew the following spells:

 Your Spells              Type           Power        Failure   Level
a - Ice Form              Ice/Tmut       #####...     3%          4
b - Frozen Ramparts       Ice            ######       1%          3
c - Ozocubu's Armour      Ice            ######..     1%          3
d - Hailstorm             Conj/Ice       #####...     3%          4

Your spell library contained the following spells:

 Spells                   Type           Power        Failure   Level
 Beastly Appendage        Tmut           #####.       1%          1
 Freeze                   Ice            ####         1%          1
 Wereblood                Tmut           #####...     1%          2
 Spider Form              Tmut/Pois      #####.....   2%          3
 Summon Ice Beast         Ice/Summ       #####...     3%          4
 Blade Hands              Tmut           #####.....   22%         5


Dungeon Overview and Level Annotations

Branches:
Dungeon (8/15)             Temple (1/1) D:5           Sewer (visited)
Ossuary (visited)
   Lair: D:8-11

Altars:
Dithmenos
Gozag
Kikubaaqudgha
Qazlal
Sif Muna
Yredelemnul
The Shining One

Shops:
D:5 (   D:7 =

Annotations:
D:8 Harold


Innate Abilities, Weirdness & Mutations

Your experience applies equally to all skills.
You have very sharp teeth.
Your uncanny sense of smell can sniff out nearby items.


Message History

You cannot attack while held in a net.
Unknown command.
You struggle against the net.
The wall freezes Harold.
You struggle against the net.
The wall freezes Harold!
Harold hits you with a +0 scimitar!
You struggle against the net.
The frozen ramparts melt away.
Harold hits you with a +0 scimitar.
Casting: Frozen Ramparts (safe; 1% risk of failure)
Confirm with . or Enter, or press ? or * to list all spells.
The walls around you are covered in ice.
You feel sick.
The wall freezes Harold!
Harold hits you with a +0 scimitar!
* * * LOW HITPOINT WARNING * * *
You rip the net and break free!
You hit Harold but do no damage.
Harold is poisoned.
Harold is heavily wounded.
The wall freezes Harold.
Harold hits you but does no damage.
You barely miss Harold. You bite Harold, but do no damage.
Harold is severely wounded.
The wall freezes Harold.
Harold hits you with a +0 scimitar!!
You die...

#........#..#
#....#......##
##....#.......###
.##...........#...#
......#...........
......#..)#.....##
........))#......##.
......)....#?.......
........).)@@..####.
.##......)##........
#............##....
...............#....
.##.......###......#
.........##.......#
................###
#..............#
#..#...........##


You could see Harold (very poisoned).

Vanquished Creatures
  A two-headed ogre (D:8)
  Maggie (D:6)
  Prince Ribbit (D:7)
  A hippogriff (D:7)
  6 yaks (D:7)
  Menkaure (D:7)
  Edmund (D:6)
  A water moccasin (D:7)
  An orc warrior (D:7)
  A sky beast (D:5)
  2 ogres (D:7)
  3 ice beasts
  A necrophage (D:6)
  3 centaurs
  5 big kobolds (Sewer)
  Blork the orc (D:6)
  3 bullfrogs
  3 scorpions
  3 killer bees (D:7)
  A howler monkey (D:7)
  A bullfrog zombie (D:6)
  2 jellies (D:7)
  A centaur skeleton (D:5)
  An orc priest (D:7)
  7 hounds
  An iguana (D:5)
  8 orc wizards
  Ijyb (D:3)
  8 worker ants
  2 hound skeletons
  8 mummies (Ossuary)
  3 gnolls (D:5)
  7 adders
  3 river rats (Sewer)
  2 shadow imps
  3 white imps
  An ufetubus (D:7)
  6 oozes
  4 worms
  A dart slug (D:3)
  4 leopard geckos (D:3)
  33 orcs
  3 giant cockroaches
  2 goblins
  2 hobgoblins
  9 jackals
  2 quokkas (D:3)
  7 ball pythons
  A ball python skeleton (D:4)
  6 bats
  2 frilled lizards
  2 gnoll zombies (Ossuary)
  3 hobgoblin zombies (Ossuary)
  4 kobolds
  3 orc zombies (Ossuary)
  17 rats
210 creatures vanquished.

Notes
Turn   | Place    | Note
-------+----------+-------------------------------------------
     0 | D:1      | Lanoc the Gnoll Ice Elementalist began the quest for the
                  | Orb.
     0 | D:1      | Reached XP level 1. HP: 13/13 MP: 6/6
   432 | D:1      | Reached XP level 2. HP: 19/19 MP: 5/7
   743 | D:2      | Reached skill level 5 in Spellcasting
   743 | D:2      | Reached XP level 3. HP: 8/25 MP: 6/9
   748 | D:2      | Learned a level 3 spell: Frozen Ramparts
   752 | D:2      | Learned a level 3 spell: Ozocubu's Armour
  1136 | D:2      | Found a shimmering blue altar of Sif Muna.
  1194 | D:2      | Became a worshipper of Sif Muna the Loreminder
  1359 | D:2      | Reached skill level 1 in Invocations
  1714 | D:3      | Reached skill level 1 in Fighting
  1714 | D:3      | Reached skill level 1 in Short Blades
  1714 | D:3      | Reached skill level 1 in Long Blades
  1714 | D:3      | Reached skill level 1 in Axes
  1714 | D:3      | Reached skill level 1 in Maces & Flails
  1714 | D:3      | Reached skill level 1 in Polearms
  1714 | D:3      | Reached skill level 1 in Staves
  1714 | D:3      | Reached skill level 1 in Slings
  1714 | D:3      | Reached skill level 1 in Bows
  1714 | D:3      | Reached skill level 1 in Crossbows
  1714 | D:3      | Reached skill level 1 in Throwing
  1714 | D:3      | Reached skill level 1 in Armour
  1714 | D:3      | Reached skill level 1 in Shields
  1714 | D:3      | Reached skill level 1 in Unarmed Combat
  1714 | D:3      | Reached skill level 1 in Evocations
  1724 | D:3      | Reached XP level 4. HP: 28/32 MP: 8/11
  1872 | D:3      | Noticed Ijyb
  1878 | D:3      | Killed Ijyb
  1878 | D:3      | Reached skill level 1 in Conjurations
  1878 | D:3      | Reached skill level 1 in Hexes
  1878 | D:3      | Reached skill level 1 in Summonings
  1878 | D:3      | Reached skill level 1 in Necromancy
  1878 | D:3      | Reached skill level 1 in Translocations
  1878 | D:3      | Reached skill level 1 in Transmutations
  1878 | D:3      | Reached skill level 1 in Fire Magic
  1878 | D:3      | Reached skill level 1 in Air Magic
  1878 | D:3      | Reached skill level 1 in Earth Magic
  1878 | D:3      | Reached skill level 1 in Poison Magic
  2004 | D:3      | Reached XP level 5. HP: 37/37 MP: 9/12
  2021 | D:3      | Reached * piety under Sif Muna
  2022 | D:3      | Found a shadowy altar of Dithmenos.
  2329 | D:4      | Learned a level 4 spell: Hailstorm
  2397 | D:4      | Reached XP level 6. HP: 28/44 MP: 10/13
  2457 | D:4      | Found a sand-covered staircase.
  2470 | Ossuary  | Entered an ossuary
  2633 | Ossuary  | Reached skill level 5 in Dodging
  3187 | D:4      | Found an opulent altar of Gozag.
  3188 | D:4      | Found a basalt altar of Yredelemnul.
  3210 | D:4      | Found a stormy altar of Qazlal.
  3211 | D:4      | Found a shadowy altar of Dithmenos.
  3211 | D:4      | Found an ancient bone altar of Kikubaaqudgha.
  3378 | D:4      | Reached XP level 7. HP: 50/50 MP: 12/15
  4025 | D:5      | Entered Level 5 of the Dungeon
  4095 | D:5      | Reached ** piety under Sif Muna
  4196 | D:5      | Reached skill level 5 in Stealth
  4331 | D:5      | Reached XP level 8. HP: 36/57 MP: 16/16
  4479 | D:5      | Found Wuradin's Weapon Boutique.
  4532 | D:5      | Found a staircase to the Ecumenical Temple.
  4543 | Temple   | Entered the Ecumenical Temple
  5235 | D:6      | Found a glowing drain.
  5268 | Sewer    | Entered a sewer
  6077 | D:6      | Noticed Blork the orc
  6087 | D:6      | Killed Blork the orc
  6099 | D:6      | Reached XP level 9. HP: 39/62 MP: 18/18
  6225 | D:6      | Reached *** piety under Sif Muna
  6352 | D:6      | Learned a level 4 spell: Ice Form
  6421 | D:6      | Noticed Edmund
  6433 | D:6      | Killed Edmund
  6869 | D:6      | Noticed Maggie
  6887 | D:6      | Killed Maggie
  6887 | D:6      | Reached skill level 8 in Ice Magic
  7371 | D:7      | Noticed Prince Ribbit
  7377 | D:7      | Reached skill level 5 in Invocations
  7423 | D:7      | Killed Prince Ribbit
  7942 | D:7      | Reached XP level 10. HP: 49/70 MP: 20/20
  8037 | D:7      | Found a glowing golden altar of the Shining One.
  8269 | D:7      | Found Ehucaru's Jewellery Shop.
  8296 | D:7      | Reached skill level 5 in Fighting
  8296 | D:7      | Reached skill level 5 in Short Blades
  8296 | D:7      | Reached skill level 5 in Long Blades
  8296 | D:7      | Reached skill level 5 in Axes
  8296 | D:7      | Reached skill level 5 in Maces & Flails
  8296 | D:7      | Reached skill level 5 in Polearms
  8296 | D:7      | Reached skill level 5 in Staves
  8296 | D:7      | Reached skill level 5 in Slings
  8296 | D:7      | Reached skill level 5 in Bows
  8296 | D:7      | Reached skill level 5 in Crossbows
  8296 | D:7      | Reached skill level 5 in Throwing
  8296 | D:7      | Reached skill level 5 in Armour
  8296 | D:7      | Reached skill level 5 in Shields
  8296 | D:7      | Reached skill level 5 in Unarmed Combat
  8296 | D:7      | Reached skill level 5 in Evocations
  8750 | D:7      | Noticed Menkaure
  8756 | D:7      | Reached **** piety under Sif Muna
  8764 | D:7      | Killed Menkaure
  9128 | D:8      | Noticed a two-headed ogre
  9129 | D:8      | Noticed Harold
  9145 | D:8      | Killed a two-headed ogre
  9152 | D:8      | Slain by Harold

Illustrated notes

Levels and vault maps discovered:
D:1:      eino_arrival_water_star, layout_rooms, dk_noncrumbling_4,
          minmay_misc_feat_nine_boxes
D:2:      layout_loops_corners, led_sif_pool
D:3:      layout_loops_ring, grunt_dithmenos_smoke, uniq_ijyb
D:4:      layout_cave_pods, grunt_temple_overflow_open,
          nicolae_ossuary_entry_monument
D:5:      layout_basic, minmay_temple_entry_nine_rooms, serial_shops, shop
D:6:      layout_basic, cheibrodos_sewer_entry_drain, uniq_blork_the_orc,
          uniq_maggie, uniq_edmund
D:7:      layout_basic, kennysheep_mini, serial_shops, nicolae_shop_waterfront,
          uniq_prince_ribbit1, uniq_menkaure
D:8:      layout_cave_pools, uniq_harold, uniq_maurice
Temple:   eino_temple_scatter_basement

Skill      XL: |  1  2  3  4  5  6  7  8  9 10 |
---------------+-------------------------------+-----
Spellcasting   | 5 6 7 |  7.5
Invocations    | 1 2 3 4 5 6 |  6.1
Fighting       | 1 2 3 4 5 |  5.5
Short Blades   | 1 2 3 4 5 |  5.5
Long Blades    | 1 2 3 4 5 |  5.5
Axes           | 1 2 3 4 5 |  5.5
Maces & Flails | 1 2 3 4 5 |  5.5
Polearms       | 1 2 3 4 5 |  5.5
Staves         | 1 2 3 4 5 |  5.5
Slings         | 1 2 3 4 5 |  5.5
Bows           | 1 2 3 4 5 |  5.5
Crossbows      | 1 2 3 4 5 |  5.5
Throwing       | 1 2 3 4 5 |  5.5
Armour         | 1 2 3 4 5 |  5.5
Shields        | 1 2 3 4 5 |  5.5
Unarmed Combat | 1 2 3 4 5 |  5.5
Evocations     | 1 2 3 4 5 |  5.5
Conjurations   | 1 2 3 4 |  4.6
Hexes          | 1 2 3 4 |  4.6
Summonings     | 1 2 3 4 |  4.6
Necromancy     | 1 2 3 4 |  4.6
Translocations | 1 2 3 4 |  4.6
Transmutations | 1 2 3 4 |  4.6
Fire Magic     | 1 2 3 4 |  4.6
Air Magic      | 1 2 3 4 |  4.6
Earth Magic    | 1 2 3 4 |  4.6
Poison Magic   | 1 2 3 4 |  4.6
Dodging        | 5 6 7 |  7.3
Stealth        | 5 6 7 |  7.0
Ice Magic      | 8 |  8.5

Action                   |  1- 3 |  4- 6 |  7- 9 | 10-12 || total
-------------------------+-------+-------+-------+-------++-------
Melee: Unarmed           |    42 |    91 |    15 |       ||   148
       Bite              |     5 |     8 |    29 |     8 ||    50
       Punch             |       |     1 |     3 |     3 ||     7
       Spear             |       |       |   272 |    68 ||   340
 Cast: Freeze            |    18 |       |       |       ||    18
       Frozen Ramparts   |    11 |    34 |    39 |    10 ||    94
       Hailstorm         |       |       |     1 |     3 ||     4
  Use: Potion            |       |     3 |       |     2 ||     5
       Scroll            |       |     3 |       |       ||     3
 Stab: Sleeping          |     2 |     1 |     9 |       ||    12
       Distracted        |       |       |       |     1 ||     1
Armor: Robe              |     7 |     5 |    12 |     1 ||    25
       Skin              |       |       |       |    14 ||    14
Dodge: Dodged            |    43 |    60 |   143 |    31 ||   277

Table legend: (Time is in decaauts)
 A = Elapsed time spent in this place.
 B = Non-inter-level travel time spent in this place.
 C = Inter-level travel time spent in this place.
 D = Time resting spent in this place.
 E = Time spent auto-exploring this place.
 F = Levels seen in this place.
 G = Mean time per level.
                   A        B        C        D        E       F      G
               +--------+--------+--------+--------+--------+-----+--------+
         Total |   9243 |   9122 |    121 |    230 |   7130 |  11 |  840.3 |
       Dungeon |   7745 |   7624 |    121 |    132 |   6179 |   8 |  968.1 |
        Temple |      1 |      1 |      0 |      0 |      0 |   1 |    1.0 |
         Sewer |    830 |    830 |      0 |      0 |    630 |   1 |  830.0 |
       Ossuary |    665 |    665 |      0 |     98 |    321 |   1 |  665.0 |
               +--------+--------+--------+--------+--------+-----+--------+

Top non-repeatable levels by time:
     D:7: 1738 daAuts
     D:6: 1407 daAuts
     D:5: 1190 daAuts
     D:4: 1043 daAuts
     D:2: 904 daAuts
   Sewer: 830 daAuts
     D:3: 744 daAuts
 Ossuary: 665 daAuts
     D:1: 644 daAuts
     D:8: 72 daAuts
  Temple: 1 daAuts
